 Dungeon Crawl Stone Soup version 0.26-a0-597-gb535b0901c (webtiles) character file.

Game seed: 10870350222506584049

168 Cokeysmoke the Gusty (level 5, -8/28 HPs)
             Began as a Deep Elf Air Elementalist on Sept 4, 2020.
             Mangled by Sigmund
             ... wielding a +0 scythe
              (12 damage)
             ... on level 3 of the Dungeon.
             The game lasted 00:11:34 (3274 turns).

Cokeysmoke the Gusty (Deep Elf Air Elementalist)    Turns: 3274, Time: 00:11:34

Health: -8/28      AC:  4    Str:  5    XL:     5   Next: 23%
Magic:  2/13       EV: 13    Int: 21    God:
Gold:   101        SH:  0    Dex: 15    Spells: 6/12 levels left

rFire    . . .     SeeInvis .   g - +0 short sword
rCold    . . .     Faith    .   (no shield)
rNeg     . . .     Spirit   .   a - +0 robe
rPois    .         Reflect  .   (no helmet)
rElec    .         Harm     .   (no cloak)
rCorr    .         Clarity  +   (no gloves)
MR       .....                  (no boots)
Stlth    +++.......             (no amulet)
HPRegen  0.09/turn              (no ring)
MPRegen  0.13/turn              (no ring)

@: no status effects
A: molten scales 1, clarity
a: no special abilities


You were on level 3 of the Dungeon.
You visited 1 branch of the dungeon, and saw 3 of its levels.

You collected 101 gold pieces.

Inventory:

Hand Weapons
 g - a +0 short sword (weapon)
Armour
 a - a +0 robe (worn)
Scrolls
 b - 2 scrolls of remove curse
 c - a scroll of enchant armour
 d - a scroll of amnesia
 e - a scroll of enchant weapon
 h - a scroll of noise {unknown}
 i - 2 scrolls of magic mapping
 j - a scroll of immolation {unknown}
 k - a scroll of blinking {unknown}
Potions
 l - a potion of ambrosia {unknown}


   Skills:
 + Level 3.3 Dodging
 + Level 3.6 Stealth
 + Level 4.0 Spellcasting
 + Level 2.4 Conjurations
 * Level 4.2 Air Magic


You had 6 spell levels left.
You knew the following spells:

 Your Spells              Type           Power        Failure   Level
a - Shock                 Conj/Air       ###.         3%          1
b - Swiftness             Air            ###.....     3%          2
c - Magic Dart            Conj           ##..         4%          1
d - Blink                 Tloc           N/A          19%         2

Your spell library contained the following spells:

 Spells                   Type           Power        Failure   Level
 Static Discharge         Conj/Air       ###.....     9%          3
 Mephitic Cloud           Conj/Pois/Air  ##......     14%         3
 Call Imp                 Summ           #.......     19%         2
 Slow                     Hex            #.......     19%         2
 Airstrike                Air            ###.......   21%         4
 Conjure Flame            Conj/Fire      #.......     22%         3
 Lightning Bolt           Conj/Air       ###.......   63%         5


Dungeon Overview and Level Annotations

Branches:
Dungeon (3/15)

Altars:

Annotations:
D:3 Sigmund


Innate Abilities, Weirdness & Mutations

You are partially covered in molten scales. (AC +2)
You possess an exceptional clarity of mind.


Message History

Ouch! That really hurt!
* * * LOW HITPOINT WARNING * * *
Casting: Shock (safe; 3% risk of failure)
Confirm with . or Enter, or press ? or * to list all spells.
You blink.
You hear some strange, mumbled words.
Something tries to affect you, but you resist.
It was a potion of mutation.
You feel extremely strange.
Molten scales grow over part of your body.
Your thoughts seem clearer.
Your magical contamination has completely faded away.
Casting: Blink (safe; 19% risk of failure)
Confirm with . or Enter, or press ? or * to list all spells.
Okay, then.
Casting: Blink (safe; 19% risk of failure)
Confirm with . or Enter, or press ? or * to list all spells.
Press: ? - help, Shift-Dir - straight line The zap hits something but does no damage.
Something hits you!
You die...

#.# .## # #.# ..#
#..# #.# #$#
#...# ##.## #.#
#...##...###.##
##....#......# #
##...#...###..#
#.#.....#.####..#
....#....@.{....#
........#.###...#
###..#..#.# #...#
#.......###...#
#.............#
................#
###.#.#.#.....###
# #.#.####..#
#.#.####..#####


There were no monsters in sight!

Vanquished Creatures
  An ogre (D:3)
  A gnoll (D:1)
  2 adders (D:2)
  An ooze (D:3)
  3 worms
  A leopard gecko (D:2)
  2 bats (D:1)
  5 giant cockroaches
  4 goblins
  5 hobgoblins
  3 jackals (D:1)
  5 kobolds
  3 quokkas
  3 ball pythons (D:1)
  3 frilled lizards
  5 rats
47 creatures vanquished.

Notes
Turn   | Place    | Note
-------+----------+-------------------------------------------
     0 | D:1      | Cokeysmoke the Deep Elf Air Elementalist began the quest
                  | for the Orb.
     0 | D:1      | Reached XP level 1. HP: 10/10 MP: 6/6
   353 | D:1      | Reached XP level 2. HP: 15/15 MP: 6/8
  1099 | D:1      | Reached XP level 3. HP: 19/19 MP: 3/9
  2107 | D:2      | Reached XP level 4. HP: 24/24 MP: 7/11
  3128 | D:3      | Noticed an ogre
  3134 | D:3      | Killed an ogre
  3134 | D:3      | Reached XP level 5. HP: 28/28 MP: 5/13
  3211 | D:3      | Learned a level 2 spell: Swiftness
  3213 | D:3      | Learned a level 1 spell: Magic Dart
  3216 | D:3      | Learned a level 2 spell: Blink
  3241 | D:3      | Noticed Sigmund
  3271 | D:3      | Gained mutation: You are partially covered in molten
                  | scales. (AC +2) [potion of mutation]
  3271 | D:3      | Gained mutation: You possess an exceptional clarity of
                  | mind. [potion of mutation]
  3274 | D:3      | Mangled by Sigmund

Illustrated notes

Levels and vault maps discovered:
D:1:      dpeg_arrival_circle_labyrinth_a, layout_loops_corners
D:2:      layout_basic
D:3:      layout_loops_ring, hangedman_abyss_or_decor_stabs, uniq_sigmund

Skill      XL: |  1  2  3  4 |
---------------+-------------+-----
Stealth        | 3 |  3.6
Dodging        | 3 |  3.3
Conjurations   | 2 |  2.4
Spellcasting   | 4 |  4.0
Air Magic      | 4 |  4.2

Action                   |  1- 3 |  4- 6 || total
-------------------------+-------+-------++-------
Melee: Short sword       |     7 |       ||     7
 Cast: Shock             |    72 |    40 ||   112
       Blink             |       |     2 ||     2
       Swiftness         |       |     1 ||     1
  Use: Scroll            |     5 |     1 ||     6
       Potion            |     1 |     1 ||     2
Armor: Robe              |     2 |       ||     2
Dodge: Dodged            |    19 |     3 ||    22

Table legend: (Time is in decaauts)
 A = Elapsed time spent in this place.
 B = Non-inter-level travel time spent in this place.
 C = Inter-level travel time spent in this place.
 D = Time resting spent in this place.
 E = Time spent auto-exploring this place.
 F = Levels seen in this place.
 G = Mean time per level.
                   A        B        C        D        E       F      G
               +--------+--------+--------+--------+--------+-----+--------+
         Total |   3276 |   3208 |     68 |    608 |   2338 |   3 | 1092.0 |
       Dungeon |   3276 |   3208 |     68 |    608 |   2338 |   3 | 1092.0 |
               +--------+--------+--------+--------+--------+-----+--------+

Top non-repeatable levels by time:
     D:2: 1528 daAuts
     D:1: 1368 daAuts
     D:3: 379 daAuts
